 Dungeon Crawl Stone Soup version 0.32-a0-868-g153ae1a8d6 (webtiles) character file.

Game seed: 12243447159236514259

40873 whatisthis the Warrior (level 14, -5/135 HPs)
             Began as a Ghoul Gladiator on Mar 28, 2024.
             Was an Elder of Uskayaw.
             Slain by a red ugly thing (18 damage)
             ... in a Gauntlet.
             The game lasted 00:37:59 (18211 turns).

whatisthis the Warrior (Ghoul Gladiator)           Turns: 18211, Time: 00:38:01

Health: -5/135     AC: 18    Str: 23    XL:     14   Next: 12%
Magic:  14/14      EV: 11    Int:  7    God:    Uskayaw [****..]
Gold:   906        SH:  6    Dex: 10    Spells: 13/13 levels left

rFire   . .          .
                       - Unarmed
rCold   + . .        E - +0 kite shield
rNeg    + + +        p - +0 plate armour
rPois   ∞            b - +0 helmet
rElec   .            S - scarf {repulsion}
rCorr   .            (no gloves)
SInv    .            l - +0 pair of boots
Will    ++...        U - amulet "Qeint" {Rampage +Blink Regen+} Stlth
                     i - ring of willpower
HPRegen 0.00/turn    x - +5 ring of evasion
MPRegen 0.14/turn

%: no teleportation, repel missiles, rampage
@: inhibited regen
A: claws 1, cold resistance 1, negative energy resistance 3, inhibited
regeneration, torment resistance 2, devour on kill
a: Renounce Religion, Evoke Blink, Stomp, Line Pass


You were in a Gauntlet.
You worshipped Uskayaw.
Uskayaw was noncommittal.
You visited 3 branches of the dungeon, and saw 17 of its levels.
You also visited: Gauntlet.

You collected 906 gold pieces.

Inventory:

Hand Weapons
 t - a +1 dagger of venom
Missiles
 c - a throwing net
 d - a javelin
 g - 32 poisoned darts (quivered)
 D - 2 boomerangs
Armour
 b - a +0 helmet (worn)
 l - a +0 pair of boots (worn)
 p - a +0 plate armour (worn)
 E - a +0 kite shield (worn)
 S - a scarf of repulsion (worn)
Jewellery
 h - an amulet of reflection
 i - a ring of willpower (left claw)
 s - a ring of willpower
 x - a +5 ring of evasion (right claw)
 I - a ring of protection from cold
 O - a ring of see invisible
 U - the amulet "Qeint" (around neck) {Rampage +Blink Regen+}
   (You found it on level 2 of the Lair of Beasts)

   [amulet of regeneration]

   +Blink:    It lets you blink.
   Regen+:    It increases your rate of health regeneration.
   Rampage:   It bestows one free step when moving towards enemies.
 W - a ring of flight
Wands
 y - a wand of paralysis (15)
 G - a wand of warping (9)
 K - a wand of acid (12)
 L - a wand of mindburst (6)
Scrolls
 f - 5 scrolls of poison
 m - 5 scrolls of teleportation
 n - 4 scrolls of immolation
 o - a scroll of enchant armour
 A - 3 scrolls of summoning
 F - 4 scrolls of fog
 H - 2 scrolls of enchant weapon
 N - 2 scrolls of brand weapon {unknown}
 P - a scroll of torment {unknown}
 Q - 3 scrolls of blinking
 V - a scroll of silence {unknown}
Potions
 a - 2 potions of berserk rage {unknown}
 e - 2 potions of degeneration {unknown}
 j - 4 potions of curing
 k - a potion of mutation {unknown}
 r - a potion of invisibility {unknown}
 z - a potion of lignification {unknown}
 B - 2 potions of heal wounds {unknown}
 C - 2 potions of might {unknown}
 J - 2 potions of cancellation {unknown}
 M - 4 potions of enlightenment {unknown}
 R - 2 potions of brilliance {unknown}


   Skills:
 + Level 15.5 Fighting
 - Level 1.7 Throwing
 + Level 12.8 Armour
 - Level 2.6 Dodging
 + Level 15.4 Unarmed Combat


You had 13 spell levels left.
You didn't know any spells.
Your spell library contained the following spells:

 Spells                   Type           Power      Damage    Failure   Level
 Apportation              Tloc           0%         N/A       100%        1
 Magic Dart               Conj           0%         1d3       100%        1
 Necrotise                Necr           0%         1d4       100%        1
 Sting                    Conj/Alch      0%         1d3       100%        1
 Summon Small Mammal      Summ           0%         N/A       100%        1
 Ensorcelled Hibernation  Hex/Ice        0%         N/A       100%        2
 Searing Ray              Conj           0%         2d4       100%        2
 Static Discharge         Conj/Air       0%         3-3/arc   100%        2
 Fugue of the Fallen      Necr           0%         N/A       100%        3
 Passwall                 Erth           0%         N/A       100%        3
 Swiftness                Air            0%         N/A       100%        3
 Airstrike                Air            0%         2d(0-16)  100%        4
 Anguish                  Hex/Necr       0%         N/A       100%        4
 Animate Dead             Necr           0%         N/A       100%        4
 Fulminant Prism          Conj/Alch      0%         3d5       100%        4
 Leda's Liquefaction      Alch/Erth      0%         N/A       100%        4
 Petrify                  Alch/Erth      0%         N/A       100%        4
 Summon Lightning Spire   Summ/Air       0%         N/A       100%        4
 Alistair's Intoxication  Alch           0%         N/A       100%        5
 Borgnjor's Vile Clutch   Necr/Erth      0%         N/A       100%        5
 Metabolic Englaciation   Hex/Ice        0%         N/A       100%        5
 Summon Forest            Summ/Tloc      0%         N/A       100%        5
 Death Channel            Necr           0%         N/A       100%        6
 Eringya's Noxious Bog    Alch           0%         4d6       100%        6
 Summon Hydra             Summ           0%         N/A       100%        7


Dungeon Overview and Level Annotations

Branches:
Dungeon (12/15)            Temple (1/1) D:6            Lair (4/5) D:9
  Swamp (0/4) Lair:3       Spider (0/4) Lair:3      Gauntlet (1/1)
  Slime: Lair:4-5       Orc: D:9-12

Altars:
Ashenzari
Cheibriados
Dithmenos
Fedhas
Gozag
Hepliaklqana
Kikubaaqudgha
Makhleb
Nemelex Xobeh
Okawaru
Qazlal
Ru
Sif Muna
Trog
Uskayaw
Vehumet
Wu Jian
Xom
Yredelemnul

Shops:
D:7 [

Portals:
Trove: D:10 (give +5 demon trident)

Annotations:
D:4 2 runed translucent doors, dogverified's ghost, amateur DsGl
D:11 3 runed translucent doors, NotBatman's ghost, journeyman MiFi Gauntlet 13 transporters


Innate Abilities, Weirdness & Mutations

You are immune to poison.
You have sharp fingernails.
Your flesh is cold resistant. (rC+)
You are immune to negative energy. (rN+++)
You do not regenerate when monsters are visible.
You are immune to unholy pain and torment.
You thrive by killing the living.


Message History

You claw the great orb of eyes!
The great orb of eyes is moderately wounded.
Uskayaw will force your foes to helplessly watch your dance.
Uskayaw prepares the audience for your solo!
The helpless great orb of eyes fails to defend itself.
You mangle the great orb of eyes!!
The great orb of eyes is severely wounded.
The red ugly thing is no longer paralysed.
The great orb of eyes is no longer paralysed.
The great orb of eyes bites you!
You claw the great orb of eyes!
The great orb of eyes is severely wounded.
The great orb of eyes gazes at you.
Your mind is blasted!
You mangle the great orb of eyes!!
You kill the great orb of eyes!
You feel better.
Uskayaw will force your foes to share their pain.
You claw the red ugly thing!
The red ugly thing is lightly wounded.
The red ugly thing tail-slaps you.
You are engulfed in flames!
Uskayaw prepares the audience for your solo!
The helpless red ugly thing fails to defend itself.
You scratch the red ugly thing.
The red ugly thing is lightly wounded.
The helpless red ugly thing fails to defend itself.
You scratch the red ugly thing.
The red ugly thing is lightly wounded.
The red ugly thing is no longer paralysed.
The red ugly thing tail-slaps you.
* * * LOW HITPOINT WARNING * * *
You are engulfed in flames!!
* * * LOW HITPOINT WARNING * * *
You scratch the red ugly thing.
The red ugly thing is lightly wounded.
The red ugly thing tail-slaps you.
* * * LOW HITPOINT WARNING * * *
You are engulfed in flames!!
You die...
Your body falls in perfect tune with the rhythm.

...................≈###
....................#ß#
#######.###########.###
?©=..3#.#...$©$[..#.#
....#3#.#.........#.###
...##.#.#.#######.#.#ß#
####..#.#.#.#.#.#.#.###
.©....#.#....©....#.#
#.##..#.##.#.#.#@##.###
...##.#.#.#######u#.#ß#
....#3#.#.........#.###
.....3#.#.........#.#
###################.###
.©...........©#.....#ß#
#.#############....§###
#.#..............####
#.#..............#ß#


You could see a red ugly thing.

Vanquished Creatures
  Gastronok (D:9)
  A great orb of eyes (Gauntlet)
  Fannar (Lair:3)
  2 hydras
  2 catoblepae (Lair:2)
  Erica (D:11)
  A boulder beetle (D:10)
  4 two-headed ogres
  A lindwurm (Lair:2)
  An ugly thing (Gauntlet)
  Pikel (D:5)
  2 manticores
  15 cane toads
  A black mamba (Lair:1)
  An ice statue (Gauntlet)
  10 elephants (Lair:1)
  A gargoyle (D:11)
  Maggie (D:7)
  Jeremiah (Temple)
  An unseen horror (D:10)
  6 rime drakes
  3 komodo dragons
  2 trolls
  A hornet (Lair:2)
  Grinder (D:4)
  7 dream sheep
  12 blink frogs
  A vampire (D:9)
  A wraith (D:10)
  A shadow (D:10)
  7 wyverns
  12 basilisks
  29 yaks
  2 steam dragons
  A neqoxec (Gauntlet)
  2 chaos spawn (Gauntlet)
  An acid dragon (D:11)
  10 water moccasins
  2 orc warriors
  2 sky beasts
  An ice beast (D:6)
  6 black bears
  8 wolves
  9 centaurs
  2 kobold brigands (D:9)
  15 bullfrogs
  2 gnoll sergeants
  4 scorpions
  11 killer bees
  11 electric eels
  3 howler monkeys (D:9)
  8 orc priests
  6 jellies
  A bombardier beetle (D:4)
  A hound (D:6)
  Jessica (D:3)
  3 iguanas
  Natasha (D:3)
  11 orc wizards
  Robin (D:3)
  11 gnolls
  8 adders
  2 shadow imps
  A dart slug (D:3)
  9 ribbon worms
  36 orcs
  7 ball pythons
  6 endoplasms
  4 giant cockroaches
  8 goblins
  11 hobgoblins
  6 jackals
  4 quokkas
  5 bats
  A frilled lizard (D:1)
  17 kobolds
  6 rats
399 creatures vanquished.

Vanquished Creatures (others)
  A centaur (D:11)
1 creature vanquished.

Grand Total: 400 creatures vanquished

Notes
Turn   | Place    | Note
-------+----------+-------------------------------------------
     0 | D:1      | whatisthis the Ghoul Gladiator began the quest for the Orb.
     0 | D:1      | Reached XP level 1. HP: 17/17 MP: 1/1
   157 | D:1      | Reached XP level 2. HP: 23/25 MP: 2/2
   256 | D:1      | Reached skill level 1 in Armour
   510 | D:1      | Reached XP level 3. HP: 30/30 MP: 3/3
   972 | D:2      | Found a hide-covered altar of Uskayaw.
  1039 | D:2      | Became a worshipper of Uskayaw the Reveller
  1114 | D:2      | Reached * piety under Uskayaw
  1180 | D:2      | Reached ** piety under Uskayaw
  1599 | D:2      | Reached XP level 4. HP: 26/38 MP: 4/4
  1728 | D:3      | Noticed Robin
  1746 | D:3      | Reached *** piety under Uskayaw
  1751 | D:3      | Reached **** piety under Uskayaw
  1756 | D:3      | Killed Robin
  1762 | D:3      | Reached ***** piety under Uskayaw
  1883 | D:3      | Found an ancient bone altar of Kikubaaqudgha.
  1883 | D:3      | Found an opulent altar of Gozag.
  2020 | D:3      | Reached XP level 5. HP: 46/46 MP: 5/5
  2063 | D:3      | Noticed Jessica
  2073 | D:3      | Killed Jessica
  2091 | D:3      | Noticed Natasha
  2098 | D:3      | Killed Natasha
  2162 | D:3      | Reached XP level 6. HP: 50/52 MP: 6/6
  2675 | D:4      | Reached skill level 5 in Unarmed Combat
  2680 | D:4      | Found a runed translucent door.
  2681 | D:4      | Noticed dogverified's ghost (amateur DsGl)
  2749 | D:4      | Noticed Grinder
  2761 | D:4      | Killed Grinder
  2762 | D:4      | Reached skill level 5 in Fighting
  2762 | D:4      | Reached XP level 7. HP: 36/61 MP: 7/7
  2955 | D:4      | Identified the +8 dagger "Hydrabane" {protect, ^Drain
                  | Int+5}
  3014 | D:4      | Found a runed translucent door.
  3378 | D:5      | Entered Level 5 of the Dungeon
  3640 | D:5      | You fall into a shaft and drop 1 floor!
  4120 | D:5      | Reached XP level 8. HP: 61/70 MP: 8/8
  4429 | D:6      | Reached skill level 5 in Armour
  4556 | D:6      | Noticed Pikel
  4604 | D:5      | Killed Pikel
  4605 | D:5      | Reached XP level 9. HP: 47/79 MP: 9/9
  5062 | D:6      | Noticed Jeremiah
  5063 | D:6      | Found a staircase to the Ecumenical Temple.
  5066 | Temple   | Entered the Ecumenical Temple
  5076 | Temple   | Killed Jeremiah
  5314 | D:7      | Found Hekehebb's Armour Emporium.
  5495 | D:7      | Noticed Maggie
  5513 | D:7      | Killed Maggie
  6525 | D:8      | Reached XP level 10. HP: 81/91 MP: 10/10
  7476 | D:9      | Identified the +1 whip "Piumen" {speed, rElec rC+}
  7492 | D:9      | Reached skill level 10 in Unarmed Combat
  7562 | D:9      | Noticed Gastronok
  7574 | D:9      | Reached skill level 10 in Fighting
  7966 | D:9      | Found a staircase to the Lair.
  7972 | D:9      | Noticed a two-headed ogre
  7984 | D:9      | Killed a two-headed ogre
  8353 | D:9      | Killed Gastronok
  8354 | D:9      | Reached XP level 11. HP: 78/102 MP: 11/11
  8598 | D:10     | Entered Level 10 of the Dungeon
  8900 | D:10     | Found a portal to a secret trove of treasure.
  9601 | D:10     | Noticed a two-headed ogre
  9614 | D:10     | Killed a two-headed ogre
  9711 | D:10     | Noticed a two-headed ogre
  9720 | D:10     | Killed a two-headed ogre
  9891 | D:10     | Found a shimmering altar of Xom.
  9949 | D:10     | Noticed a two-headed ogre
  9958 | D:10     | Killed a two-headed ogre
 10283 | D:11     | Noticed a boulder beetle
 10304 | D:10     | Killed a boulder beetle
 10628 | D:11     | Noticed a manticore
 10641 | D:11     | Killed a manticore
 10779 | D:11     | Found a runed translucent gate.
 10779 | D:11     | Found a runed translucent gate.
 10784 | D:11     | Found a runed translucent gate.
 10786 | D:11     | Noticed NotBatman's ghost (journeyman MiFi)
 10890 | D:11     | Reached ****** piety under Uskayaw
 10908 | D:11     | Reached skill level 10 in Armour
 11153 | D:11     | Noticed Erica
 11217 | D:11     | Killed Erica
 11218 | D:11     | Reached XP level 12. HP: 69/113 MP: 12/12
 12151 | D:12     | Found a snail-covered altar of Cheibriados.
 12564 | Lair:1   | Entered Level 1 of the Lair of Beasts
 13774 | Lair:2   | Found a shadowy altar of Dithmenos.
 13931 | Lair:1   | Reached XP level 13. HP: 71/123 MP: 13/13
 15501 | Lair:2   | Identified the amulet "Qeint" {Rampage +Blink Regen+}
 15654 | Lair:2   | HP: 5/125 [catoblepas (2)]
 15655 | Lair:2   | HP: 2/125 [catoblepas (10)]
 16789 | Lair:3   | Noticed Fannar
 16818 | Lair:3   | Killed Fannar
 16846 | Lair:3   | Found a hole to the Spider Nest.
 16892 | Lair:3   | Reached skill level 15 in Fighting
 16909 | Lair:2   | Reached skill level 15 in Unarmed Combat
 17130 | Lair:3   | Found a staircase to the Swamp.
 17328 | Lair:3   | Reached XP level 14. HP: 135/135 MP: 14/14
 17664 | Lair:4   | Found a gate leading to a gauntlet.
 17677 | Gauntlet | Entered a Gauntlet
 17677 | Gauntlet | Found a transporter.
 17685 | Gauntlet | Found a transporter.
 17687 | Gauntlet | Found a transporter.
 17694 | Gauntlet | Found a transporter.
 17709 | Gauntlet | Found a transporter.
 17714 | Gauntlet | Found a transporter.
 17731 | Gauntlet | Found a transporter.
 17749 | Gauntlet | Found a transporter.
 17761 | Gauntlet | Found a transporter.
 17773 | Gauntlet | Found a transporter.
 17785 | Gauntlet | Found a transporter.
 17797 | Gauntlet | Found a transporter.
 17814 | Gauntlet | Found a transporter.
 17832 | Gauntlet | Found a transporter.
 17834 | Gauntlet | Found a transporter.
 17861 | Gauntlet | Found a transporter.
 17939 | Gauntlet | Found a transporter.
 17959 | Gauntlet | Found a transporter.
 18211 | Gauntlet | Slain by a red ugly thing

Illustrated notes

Levels and vault maps discovered:
D:1:      minmay_arrival_wavy_path, layout_loops_ring, hangedman_decor_opposing
D:2:      layout_basic, basic_altar, minmay_misc_feat_room, roderic_lattice_a
D:3:      layout_basic, chequers_temple_overflow_statue_of_worship,
          serial_aquarium, aquarium_bridge_straight [aquarium_subvault_bridge,
          aquarium_subvault_wall, aquarium_subvault_bridge,
          aquarium_subvault_wall], aquarium_bridge_island_small
          [aquarium_subvault_small_open, aquarium_subvault_bridge,
          aquarium_subvault_bridge, aquarium_subvault_bridge,
          aquarium_subvault_wall], aquarium_window_corner,
          aquarium_window_corner, aquarium_view_2e, aquarium_view_2f,
          aquarium_balcony_3a, aquarium_pool_side, uniq_natasha, uniq_robin,
          uniq_jessica
D:4:      layout_basic, ebering_ghost_sewer_f, minmay_fractal_squares_gapless_5,
          uniq_grinder
D:5:      layout_cave_pods, elyvilon_altar_1
D:6:      minmay_inner_zag, layout_cave_pools, minmay_temple_entry_overgrown,
          uniq_jeremiah, uniq_pikel
D:7:      layout_basic, serial_shops, shop, uniq_maggie
D:8:      layout_cave_pools
D:9:      layout_loops_corners, minmay_lair_entry_grove, uniq_gastronok
D:10:     layout_loops_corners, marbit_many_paths, enter_trove_0, st_stairs_12,
          serial_bayou_lagoon_b
D:11:     layout_loops_ring, gammafunk_ghost_spectres, evilmike_minifort,
          uniq_erica
D:12:     minmay_cut_squares, layout_basic, cheibriados_altar_1
Temple:   regret_index_temple_chain_breaker
Lair:1:   layout_loops_ring, grunt_megastairs_2
Lair:2:   regret_index_malice_mire, layout_long_grid, basic_altar,
          beast_lair_carwin_5, infiniplex_staircase_pool
Lair:3:   layout_chaotic_city, minmay_swamp_entry_eels,
          nicolae_spider_entry_non_spiders, beast_lair_carwin_7,
          grunt_megastairs_4, uniq_fannar
Lair:4:   layout_small_grid, gauntlet_entry_generic,
          nicolae_volcano_entry_s_turn, ice2_lemuel, grunt_megastairs_5
Gauntlet: gammafunk_gauntlet_one_two_three [gammafunk_gauntlet_arena_crates,
          gammafunk_gauntlet_arena_split_diamond,
          nicolae_gauntlet_arena_grate_2, gammafunk_gauntlet_arena_teeth,
          gammafunk_gauntlet_arena_split_x, gammafunk_gauntlet_arena_chambers,
          nicolae_gauntlet_arena_flowing_pool, gammafunk_gauntlet_arena_grid,
          nicolae_gauntlet_arena_blocks, gauntlet_exit_hidden_loot]

Skill      XL: |  1  2  3  4  5  6  7  8  9 10 11 12 13 |
---------------+----------------------------------------+-----
Armour         | 1 2 3 4 5 7 8 10 11 12 | 12.8
Fighting       | 3 4 5 6 7 9 11 12 13 15 | 15.5
Unarmed Combat | 4 5 6 7 9 11 12 13 15 | 15.4
Throwing       | |  1.7
Dodging        | |  2.6

Action                     |  1- 3 |  4- 6 |  7- 9 | 10-12 | 13-15 || total
---------------------------+-------+-------+-------+-------+-------++-------
  Melee: Unarmed           |   135 |   160 |   314 |   593 |   435 ||  1637
         Punch             |     2 |     5 |    15 |     5 |       ||    27
  Throw: Dart              |       |       |       |    47 |       ||    47
         Boomerang         |       |       |       |     2 |       ||     2
         Throwing net      |       |       |       |       |     2 ||     2
  Evoke: Wand              |       |       |     6 |     2 |    26 ||    34
    Use: Scroll            |       |       |     1 |    10 |     5 ||    16
         Potion            |       |       |       |       |     1 ||     1
   Stab: Paralysed         |       |     4 |    17 |    24 |    20 ||    65
 Armour: Leather armour    |    64 |    79 |    15 |       |       ||   158
         Scale mail        |       |       |   145 |    10 |       ||   155
         Plate armour      |       |       |       |   534 |   437 ||   971
  Dodge: Dodged            |    75 |    70 |   170 |   297 |   198 ||   810
         Repelled          |       |       |       |       |    11 ||    11
  Block: Kite shield       |       |       |       |   202 |   122 ||   324

Table legend: (Time is in decaauts)
 A = Elapsed time spent in this place.
 B = Non-inter-level travel time spent in this place.
 C = Inter-level travel time spent in this place.
 D = Time resting spent in this place.
 E = Time spent auto-exploring this place.
 F = Levels seen in this place.
 G = Mean time per level.
                   A        B        C        D        E       F      G
               +--------+--------+--------+--------+--------+-----+--------+
         Total |  18087 |  17312 |    775 |   3089 |  10003 |  18 | 1004.8 |
       Dungeon |  12407 |  11758 |    649 |   1725 |   7466 |  12 | 1033.9 |
        Temple |     98 |     98 |      0 |     85 |      0 |   1 |   98.0 |
          Lair |   5053 |   4928 |    125 |   1253 |   2252 |   4 | 1263.2 |
      Gauntlet |    527 |    527 |      0 |     26 |    284 |   1 |  527.0 |
               +--------+--------+--------+--------+--------+-----+--------+

Top non-repeatable levels by time:
  Lair:2: 2312 daAuts
    D:10: 2285 daAuts
  Lair:1: 1697 daAuts
    D:11: 1470 daAuts
     D:9: 1406 daAuts
     D:7: 1090 daAuts
  Lair:3: 983 daAuts
     D:6: 945 daAuts
     D:5: 900 daAuts
     D:3: 871 daAuts
     D:2: 863 daAuts
     D:1: 839 daAuts
     D:4: 773 daAuts
     D:8: 764 daAuts
Gauntlet: 527 daAuts
